 Dungeon Crawl Stone Soup version 0.26.1-15-g04117e645d (webtiles) character file.

Game seed: 3379407978311122323

51 ty64800 the Ducker (level 3, -2/33 HPs)
             Began as a Troll Wanderer on Apr 13, 2022.
             Slain by an orc
             ... wielding a +0 dagger
              (4 damage)
             ... on level 3 of the Dungeon.
             The game lasted 00:09:43 (1784 turns).

ty64800 the Ducker (Troll Wanderer)                 Turns: 1784, Time: 00:09:44

Health: -2/33      AC:  6    Str: 21    XL:     3   Next: 58%
Magic:  2/2        EV: 10    Int:  7    God:
Gold:   88         SH:  0    Dex: 10    Spells: 2/2 levels left

rFire    . . .     SeeInvis .   a - +2 dagger
rCold    . . .     Faith    .   (no shield)
rNeg     . . .     Spirit   .   e - +0 robe
rPois    .         Reflect  .   (helmet restricted)
rElec    .         Harm     .   (no cloak)
rCorr    .         Rampage  .   (gloves unavailable)
Will     .....                  (boots unavailable)
Stlth    +.........             (no amulet)
HPRegen  0.51/turn              (no ring)
MPRegen  0.08/turn              (no ring)

@: about to teleport
A: large, unfitting armour, claws 3, regeneration 1, shaggy fur 1, tough skin 3
a: no special abilities


You were on level 3 of the Dungeon.
You visited 1 branch of the dungeon, and saw 3 of its levels.

You collected 88 gold pieces.

Inventory:

Hand Weapons
 a - a +2 dagger (weapon)
 c - a +0 short sword
 o - a +0 hand axe
 u - a +0 mace
Missiles
 h - 32 bolts
 j - 21 arrows
 p - 50 stones (quivered)
Armour
 e - a +0 robe (worn)
 f - a +0 pair of gloves
 q - a +0 scale mail
 s - a +0 pair of gloves
 t - a cursed +0 scale mail
 v - a +0 tower shield
Scrolls
 i - a scroll of blinking {unknown}
 k - a scroll of fog {unknown}
 r - 2 scrolls of identify {unknown}
 w - a scroll of fear {unknown}
Potions
 b - a potion of haste
 g - 2 potions of curing {unknown}
 l - a potion of ambrosia {unknown}
 m - a potion of brilliance {unknown}
 n - a potion of magic {unknown}


   Skills:
 + Level 1.2 Fighting
 + Level 2.7 Short Blades
 + Level 1.0 Throwing
 + Level 3.3 Dodging
 + Level 1.1 Stealth


You had 2 spell levels left.
You didn't know any spells.
Your spell library was empty.

Dungeon Overview and Level Annotations

Branches:
Dungeon (3/15)

Altars:
Gozag
Kikubaaqudgha


Innate Abilities, Weirdness & Mutations

You are too large for most types of armour.
You have claws for hands.
Your natural rate of healing is unusually fast.
You are covered in fur. (AC +1)
You have extremely tough skin. (AC +3)


Message History

* * * LOW HITPOINT WARNING * * *
The orc hits you but does no damage.
You hit the orc.
You kill the orc!
The orc hits you with a +0 dagger.
* * * LOW HITPOINT WARNING * * *
The orc hits you with a +0 short sword.
* * * LOW HITPOINT WARNING * * *
The orc hits you but does no damage. The orc closely misses you.
Things that are here:
a +0 hand axe; 3 gold pieces; an orc corpse The orc hits you with a +0 short sword.
* * * LOW HITPOINT WARNING * * *
Things that are here:
a +0 ring mail; an orc corpse Unknown command.
Okay, then.
As you read the scroll of teleportation, it crumbles to dust.
You feel strangely unstable. The orc hits you with a +0 dagger.
You die...

## .. ###.. ..... ##...#
###### ......##....#
#.⌠....≈_.# #....oo...#
#.# #..≈≈@≈...# #....
#..≈≈≈≈..## #
#....#######.≈≈≈≈≈..## .#
..............≈≈≈≈≈..#..#
........).....≈†≈≈.⌠....#
............#........#..#
#..................##..##
#..>......######....##
#.#........# #.####


You could see 2 orcs.

Vanquished Creatures
  2 adders (D:2)
  2 leopard geckos
  3 orcs (D:3)
  3 bats
  2 giant cockroaches
  2 hobgoblins
  2 jackals (D:2)
  A kobold (D:1)
  A quokka (D:2)
  7 frilled lizards
  2 goblins
  3 rats
30 creatures vanquished.

Notes
Turn   | Place    | Note
-------+----------+-------------------------------------------
     0 | D:1      | ty64800 the Troll Wanderer began the quest for the Orb.
     0 | D:1      | ty64800 set off with the following items: a +2 dagger, a
                  | potion of haste, a +0 short sword, a scroll of
                  | teleportation, a +0 robe
     0 | D:1      | Reached XP level 1. HP: 19/19 MP: 0/0
  1070 | D:2      | Reached XP level 2. HP: 27/27 MP: 1/1
  1276 | D:2      | Found an opulent altar of Gozag.
  1292 | D:2      | Reached skill level 3 in Dodging
  1312 | D:2      | Reached XP level 3. HP: 24/33 MP: 2/2
  1713 | D:2      | You fall into a shaft and drop 1 floor!
  1750 | D:3      | Found an ancient bone altar of Kikubaaqudgha.
  1784 | D:3      | Slain by an orc

Illustrated notes

Levels and vault maps discovered:
D:1:      dpeg_arrival_tiny_a, layout_rooms, serial_glass, glass_columns_b,
          glass_columns_a, item_on_display_a, feat_on_display, feat_on_display
D:2:      minmay_chambers_of_twos, layout_loops_ring, lemuel_crystal_altar,
          minmay_lizard_pond
D:3:      layout_loops_ring, kiku_gazebo_pond_becter,
          nemelex_xobeh_ov_fountains_minmay, minmay_fractal_squares_diagonal_5

Skill      XL: |  1  2 |
---------------+-------+-----
Dodging        | 3 |  3.3
Fighting       | |  1.2
Short Blades   | |  2.7
Throwing       | |  1.0
Stealth        | |  1.1

Action                   || total
-------------------------++-------
Melee: Dagger            ||   118
  Use: Scroll            ||     1
 Stab: Sleeping          ||     1
Armor: Robe              ||   286
Dodge: Dodged            ||   381
